Connexion

Americans vs Wolves

Created - 19 août 2023 at 07:43

Goals
1 2 3 T
Americans 3 2 0 5
Wolves 2 0 1 3
Shots
1 2 3 T
Americans 20 20 11 51
Wolves 7 6 14 27

GoalsPenalties
1st period
1. Wolves , Gregory Hofmann 3 (Garrett Mitchell 6, Matt Tennyson 4) at 0:34
2. Americans , Cameron Hughes 4 (Sam Anas 1, Cole Hults 2) at 3:20
3. Americans , Cameron Hughes 5 (Sam Anas 2, Connor Carrick 5) at 4:54
4. Americans , Ethan Prow 2 (Connor Carrick 6, Tanner Fritz 3) at 15:06 (PP)
5. Wolves , Marc-Olivier Roy 1 (Mitchell Vande Sompel 4, Adam Helewka 2) at 18:05
Tommy Cross (CHI) for Holding Stick (Minor) at 6:32
Jamie Devane (CHI) for Slashing (Minor) at 8:41
Tommy Cross (CHI) for Holding (Minor) at 13:07
2nd period
6. Americans , Tanner Fritz 7 (Andrew Agozzino 4, Connor Carrick 7) at 0:34
7. Americans , Robbie Russo 1 (Matt Lorito 5, Andrew Peeke 5) at 8:10 (PP)
Radim Simek (CHI) for Slashing (Minor) at 0:41
Matt Tennyson (CHI) for Tripping (Minor) at 7:20
Tommy Cross (CHI) for Holding Stick (Minor) at 10:25
Riley Tufte (POR) for Slashing (Double Minor) at 15:30
3rd period
8. Wolves , Jens Looke 1 (Louie Belpedio 3, Artur Gavrus 2) at 19:11
Tommy Cross (CHI) for Tripping (Minor) at 8:42
Goalie Stats
Alex Starlock (POR), 24 saves from 27 shots - (0,889), W, 4-3-0, 60:00 minutes
Felix Sandström (CHI), 46 saves from 51 shots - (0,902), L, 2-3-0, 60:00 minutes
3 StarsOfficial
1 - Cameron Hughes (POR)
2 - Tanner Fritz (POR)
3 - Connor Carrick (POR)
Referees : Brian Pochmara and Kevin Pollock
Linesman : Darren Gibbs and Dan Schachte
Game Note
No Game Note
Finance
Level 1 -- Attendance: 860 (43,00%) -- Ticket Income 51 600 $
Level 2 -- Attendance: 327 (32,70%) -- Ticket Income 16 350 $
Total Attendance: 1187 (39,57%)
Total Ticket Income: 67 950 $
Other Income: 13 590 $
Total Income: 81 540 $



Team Name Goals Shots Shots Attemp Shots Blocked PIM HIT PP PK FO%
Americans 55182124242 / 7 (29%)047%
Wolves 32762914220 / 2 (0%)253%

Americans
Player Name POS G A P +/- PIM HIT SHT SB MP PP MP PP SHT PK MP PK SHT FO% FOT
Andrew AgozzinoC/LW011-1055021:435:4722:1000% 1
Andrew PeekeD0110022221:426:1111:2800% 0
Cameron HughesC/LW2022005014:140:2800:52044% 18
Cole HultsD0111010313:590:0300:3300% 0
Connor CarrickD033-1011324:076:3301:4300% 0
Ethan ProwD101-1004124:236:3331:5900% 0
John GilmourD0001042114:110:0000:4800% 0
Kyle RauC/LW/RW000000103:130:0000:00043% 7
Matt LoritoLW/RW011-1005019:335:4730:0000% 1
Patrick BrownC/RW000001104:210:0001:080100% 1
Reid DukeC000-1002021:186:5720:57047% 32
Riley TufteLW0002431012:530:0000:0000% 1
Robbie RussoD1010003121:386:0831:2700% 0
Ross JohnstonLW000-1043020:326:1120:570100% 2
Sam AnasC/RW0222004012:540:0000:0000% 0
Sean MaloneC000000000:540:4800:0000% 0
Tanner Fritz C/LW/RW112-1027123:475:1711:37046% 28
Turner ElsonC/LW/RW000-1015020:386:5740:170100% 1
Wolves
Player Name POS G A P +/- PIM HIT SHT SB MP PP MP PP SHT PK MP PK SHT FO% FOT
Adam HelewkaLW011001005:570:0000:3400% 0
Artur GavrusC/LW011101409:590:0500:0000% 0
Brett SeneyLW000-1012025:071:4308:05150% 18
David CottonC0001013011:150:5500:26053% 17
Garrett MitchellRW011-1022020:411:4313:39033% 9
Gregory HofmannC/LW101-1003025:071:4308:05047% 17
Jamie DevaneLW0000222014:011:2100:0000% 0
Jens LookeLW/RW1011002010:410:0500:4200% 1
Jeremiah AddisonLW/RW000000005:230:0000:0000% 0
Louie BelpedioD0110050015:220:5502:0300% 0
Marc-Olivier RoyC/LW/RW101000205:230:0000:00050% 6
Mark JankowskiC0000002018:492:1103:57071% 24
Matt TennysonD0110212324:141:2105:5400% 0
Mitchell Vande SompelD0110020324:151:2105:5400% 0
Radim SimekD0000250320:241:4304:4900% 0
Ryan StantonD0000001021:421:4306:0600% 0
Scott KosmachukRW0000002014:522:1100:0000% 0
Tommy CrossD0000810013:570:5500:4200% 0



Play-by-Play

1st period


0:01 of 1st period - Gregory Hofmann wins face-off versus Tanner Fritz in neutral zone.
0:13 of 1st period - Gregory Hofmann is hit by Connor Carrick and loses puck.
0:34 of 1st period - Shot by Gregory Hofmann.
0:34 of 1st period - Goal by Gregory Hofmann - Americans : 0 - Wolves : 1.
0:35 of 1st period - Mark Jankowski wins face-off versus Reid Duke in neutral zone.
0:35 of 1st period - Mark Jankowski is hit by Turner Elson.
0:44 of 1st period - Icing by Jamie Devane.
0:45 of 1st period - Mark Jankowski wins face-off versus Cameron Hughes in Wolves zone.
0:45 of 1st period - Mark Jankowski is hit by Riley Tufte.
0:52 of 1st period - Ryan Stanton is hit by John Gilmour and loses puck.
1:01 of 1st period - Shot by Jamie Devane.
1:01 of 1st period - Shot Misses the Net.
1:10 of 1st period - Shot by Jamie Devane.
1:10 of 1st period - Stopped by Alex Starlock without a rebound.
1:11 of 1st period - David Cotton wins face-off versus Reid Duke in Americans zone.
1:51 of 1st period - Robbie Russo is hit by Artur Gavrus and loses puck.
2:28 of 1st period - Shot by Gregory Hofmann.
2:28 of 1st period - Shot Misses the Net.
3:20 of 1st period - Shot by Cameron Hughes.
3:20 of 1st period - Goal by Cameron Hughes - Americans : 1 - Wolves : 1.
3:21 of 1st period - Mark Jankowski wins face-off versus Kyle Rau in neutral zone.
3:24 of 1st period - Tanner Fritz is hit by Jamie Devane and loses puck.
3:35 of 1st period - Shot by Jamie Devane.
3:35 of 1st period - Shot Blocked by Cole Hults.
3:37 of 1st period - Shot by Radim Simek.
3:37 of 1st period - Shot Misses the Net.
3:39 of 1st period - Shot by Jamie Devane.
3:39 of 1st period - Shot Misses the Net.
4:08 of 1st period - Icing by John Gilmour.
4:09 of 1st period - Kyle Rau wins face-off versus Marc-Olivier Roy in Americans zone.
4:54 of 1st period - Shot by Cameron Hughes.
4:54 of 1st period - Goal by Cameron Hughes - Americans : 2 - Wolves : 1.
4:55 of 1st period - David Cotton wins face-off versus Reid Duke in neutral zone.
6:08 of 1st period - Shot by Cameron Hughes.
6:08 of 1st period - Stopped by Felix Sandström without a rebound.
6:09 of 1st period - Mark Jankowski wins face-off versus Tanner Fritz in Wolves zone.
6:20 of 1st period - Shot by Jamie Devane.
6:20 of 1st period - Shot Misses the Net.
6:22 of 1st period - Shot by Mark Jankowski.
6:22 of 1st period - Deflect By Jamie Devane.
6:22 of 1st period - Stopped by Alex Starlock without a rebound.
6:23 of 1st period - Kyle Rau wins face-off versus Gregory Hofmann in Americans zone.
6:23 of 1st period - Kyle Rau is hit by Garrett Mitchell.
6:32 of 1st period - Minor Penalty to Tommy Cross for Holding Stick.
6:33 of 1st period - Reid Duke wins face-off versus Brett Seney in Wolves zone.
6:36 of 1st period - Shot by Ethan Prow.
6:36 of 1st period - Shot Blocked by Mitchell Vande Sompel.
7:11 of 1st period - Shot by Connor Carrick.
7:11 of 1st period - Shot Misses the Net.
7:54 of 1st period - Shot by Matt Lorito.
7:54 of 1st period - Stopped by Felix Sandström with a rebound.
8:41 of 1st period - Minor Penalty to Jamie Devane for Slashing.
8:42 of 1st period - Garrett Mitchell wins face-off versus Tanner Fritz in Wolves zone.
10:23 of 1st period - Shot by Andrew Agozzino.
10:23 of 1st period - Deflect By Matt Lorito.
10:23 of 1st period - Stopped by Felix Sandström without a rebound.
10:24 of 1st period - Cameron Hughes wins face-off versus Garrett Mitchell in Wolves zone.
10:24 of 1st period - Andrew Peeke is hit by Radim Simek and loses puck.
10:37 of 1st period - Shot by Matt Lorito.
10:37 of 1st period - Stopped by Felix Sandström without a rebound.
10:38 of 1st period - Brett Seney wins face-off versus Reid Duke in Wolves zone.
11:03 of 1st period - Shot by Cameron Hughes.
11:03 of 1st period - Stopped by Felix Sandström without a rebound.
11:04 of 1st period - David Cotton wins face-off versus Kyle Rau in Wolves zone.
11:04 of 1st period - David Cotton is hit by Patrick Brown.
11:13 of 1st period - John Gilmour is hit by Radim Simek and loses puck.
11:17 of 1st period - Icing by Ryan Stanton.
11:18 of 1st period - Cameron Hughes wins face-off versus Jens Looke in Wolves zone.
11:19 of 1st period - Shot by Sam Anas.
11:19 of 1st period - Shot Misses the Net.
11:32 of 1st period - Shot by David Cotton.
11:32 of 1st period - Shot Hit the Post.
11:40 of 1st period - Shot by Jens Looke.
11:40 of 1st period - Shot Misses the Net.
12:02 of 1st period - Shot by Brett Seney.
12:02 of 1st period - Stopped by Alex Starlock without a rebound.
12:03 of 1st period - Mark Jankowski wins face-off versus Tanner Fritz in Americans zone.
12:06 of 1st period - Shot by Scott Kosmachuk.
12:06 of 1st period - Shot Blocked by Connor Carrick.
12:20 of 1st period - Matt Lorito is hit by Louie Belpedio.
12:22 of 1st period - Shot by Tanner Fritz .
12:22 of 1st period - Stopped by Felix Sandström without a rebound.
12:23 of 1st period - Reid Duke wins face-off versus Gregory Hofmann in Wolves zone.
12:55 of 1st period - Shot by Reid Duke.
12:55 of 1st period - Deflect By Ross Johnston.
12:55 of 1st period - Stopped by Felix Sandström without a rebound.
12:56 of 1st period - Tanner Fritz wins face-off versus Mark Jankowski in Wolves zone.
12:56 of 1st period - Tanner Fritz is hit by Tommy Cross.
13:01 of 1st period - Tanner Fritz is hit by Louie Belpedio and loses puck.
13:07 of 1st period - Minor Penalty to Tommy Cross for Holding.
13:08 of 1st period - Tanner Fritz wins face-off versus Brett Seney in Wolves zone.
13:15 of 1st period - Shot by Tanner Fritz .
13:15 of 1st period - Stopped by Felix Sandström without a rebound.
13:16 of 1st period - Brett Seney wins face-off versus Tanner Fritz in Wolves zone.
13:16 of 1st period - Brett Seney is hit by Andrew Agozzino.
13:28 of 1st period - Shot by Andrew Agozzino.
13:28 of 1st period - Stopped by Felix Sandström without a rebound.
13:29 of 1st period - Reid Duke wins face-off versus Brett Seney in Wolves zone.
13:30 of 1st period - Shot by Robbie Russo.
13:30 of 1st period - Shot Blocked by Matt Tennyson.
13:32 of 1st period - Shot by Ross Johnston.
13:32 of 1st period - Stopped by Felix Sandström without a rebound.
13:33 of 1st period - Tanner Fritz wins face-off versus Brett Seney in Wolves zone.
13:33 of 1st period - Tanner Fritz is hit by Mitchell Vande Sompel.
13:59 of 1st period - Shot by Andrew Agozzino.
13:59 of 1st period - Stopped by Felix Sandström without a rebound.
14:00 of 1st period - Reid Duke wins face-off versus Garrett Mitchell in Wolves zone.
14:10 of 1st period - Icing by Andrew Peeke.
14:11 of 1st period - Brett Seney wins face-off versus Reid Duke in Americans zone.
14:12 of 1st period - Shot by Gregory Hofmann.
14:12 of 1st period - Deflect By Brett Seney.
14:12 of 1st period - Stopped by Alex Starlock with a rebound.
14:30 of 1st period - Shot by Ross Johnston.
14:30 of 1st period - Shot Misses the Net.
14:32 of 1st period - Shot by Turner Elson.
14:32 of 1st period - Shot Misses the Net.
14:34 of 1st period - Shot by Reid Duke.
14:34 of 1st period - Stopped by Felix Sandström with a rebound.
14:36 of 1st period - Shot by Reid Duke.
14:36 of 1st period - Deflect By Ross Johnston.
14:36 of 1st period - Shot Blocked by Matt Tennyson.
14:40 of 1st period - Shot by Turner Elson.
14:40 of 1st period - Stopped by Felix Sandström without a rebound.
14:41 of 1st period - Tanner Fritz wins face-off versus Garrett Mitchell in Wolves zone.
14:41 of 1st period - Connor Carrick is hit by Radim Simek and loses puck.
14:44 of 1st period - Shot by Connor Carrick.
14:44 of 1st period - Shot Misses the Net.
14:46 of 1st period - Shot by Tanner Fritz .
14:46 of 1st period - Shot Blocked by Radim Simek.
14:48 of 1st period - Shot by Connor Carrick.
14:48 of 1st period - Shot Misses the Net.
15:04 of 1st period - Shot by Connor Carrick.
15:04 of 1st period - Shot Misses the Net.
15:06 of 1st period - Shot by Ethan Prow.
15:06 of 1st period - Goal by Ethan Prow - Americans : 3 - Wolves : 1.
15:07 of 1st period - Marc-Olivier Roy wins face-off versus Cameron Hughes in neutral zone.
15:34 of 1st period - Shot by Sam Anas.
15:34 of 1st period - Shot Misses the Net.
15:36 of 1st period - Shot by Andrew Peeke.
15:36 of 1st period - Stopped by Felix Sandström without a rebound.
15:37 of 1st period - Mark Jankowski wins face-off versus Tanner Fritz in Wolves zone.
16:42 of 1st period - Icing by Andrew Peeke.
16:43 of 1st period - Gregory Hofmann wins face-off versus Reid Duke in Americans zone.
17:03 of 1st period - Shot by Gregory Hofmann.
17:03 of 1st period - Deflect By Garrett Mitchell.
17:03 of 1st period - Shot Misses the Net.
17:55 of 1st period - Shot by Artur Gavrus.
17:55 of 1st period - Deflect By Jens Looke.
17:55 of 1st period - Shot Misses the Net.
17:57 of 1st period - Shot by Jens Looke.
17:57 of 1st period - Stopped by Alex Starlock without a rebound.
17:58 of 1st period - Marc-Olivier Roy wins face-off versus Tanner Fritz in Americans zone.
18:05 of 1st period - Shot by Marc-Olivier Roy.
18:05 of 1st period - Goal by Marc-Olivier Roy - Americans : 3 - Wolves : 2.
18:06 of 1st period - Marc-Olivier Roy wins face-off versus Andrew Agozzino in neutral zone.
18:27 of 1st period - Shot by Jeremiah Addison.
18:27 of 1st period - Shot Misses the Net.
19:35 of 1st period - Riley Tufte is hit by Matt Tennyson and loses puck.
19:38 of 1st period - Shot by Sam Anas.
19:38 of 1st period - Shot Blocked by Mitchell Vande Sompel.
19:42 of 1st period - Shot by Cameron Hughes.
19:42 of 1st period - Deflect By Riley Tufte.
19:42 of 1st period - Stopped by Felix Sandström with a rebound.
19:44 of 1st period - Shot by John Gilmour.
19:44 of 1st period - Stopped by Felix Sandström with a rebound.
19:46 of 1st period - Shot by Riley Tufte.
19:46 of 1st period - Shot Misses the Net.
19:56 of 1st period - Shot by Robbie Russo.
19:56 of 1st period - Deflect By Patrick Brown.
19:56 of 1st period - Stopped by Felix Sandström without a rebound.
19:57 of 1st period - Mark Jankowski wins face-off versus Reid Duke in Wolves zone.
Goals for this period are 3 for Americans vs 2 for Wolves.
Shots for this period are 20 for Americans vs 7 for Wolves.

2nd period


0:01 of 2nd period - Tanner Fritz wins face-off versus Gregory Hofmann in neutral zone.
0:12 of 2nd period - Shot by Andrew Agozzino.
0:12 of 2nd period - Shot Blocked by Mitchell Vande Sompel.
0:34 of 2nd period - Shot by Tanner Fritz .
0:34 of 2nd period - Goal by Tanner Fritz - Americans : 4 - Wolves : 2.
0:35 of 2nd period - Reid Duke wins face-off versus Mark Jankowski in neutral zone.
0:35 of 2nd period - Ross Johnston is hit by Jamie Devane and loses puck.
0:39 of 2nd period - Robbie Russo is hit by Radim Simek and loses puck.
0:41 of 2nd period - Minor Penalty to Radim Simek for Slashing.
0:42 of 2nd period - Brett Seney wins face-off versus Reid Duke in Wolves zone.
0:57 of 2nd period - Shot by Robbie Russo.
0:57 of 2nd period - Stopped by Felix Sandström without a rebound.
0:58 of 2nd period - Tanner Fritz wins face-off versus Garrett Mitchell in Wolves zone.
1:32 of 2nd period - Icing by Andrew Agozzino.
1:33 of 2nd period - Tanner Fritz wins face-off versus Garrett Mitchell in Americans zone.
1:46 of 2nd period - Shot by Ethan Prow.
1:46 of 2nd period - Stopped by Felix Sandström with a rebound.
2:07 of 2nd period - Shot by Robbie Russo.
2:07 of 2nd period - Stopped by Felix Sandström without a rebound.
2:08 of 2nd period - Reid Duke wins face-off versus Brett Seney in Wolves zone.
2:37 of 2nd period - Shot by Turner Elson.
2:37 of 2nd period - Stopped by Felix Sandström without a rebound.
2:38 of 2nd period - Garrett Mitchell wins face-off versus Tanner Fritz in Wolves zone.
3:15 of 2nd period - Shot by John Gilmour.
3:15 of 2nd period - Stopped by Felix Sandström without a rebound.
3:16 of 2nd period - Tanner Fritz wins face-off versus David Cotton in Wolves zone.
3:39 of 2nd period - Shot by Matt Lorito.
3:39 of 2nd period - Shot Misses the Net.
3:41 of 2nd period - Shot by Matt Lorito.
3:41 of 2nd period - Shot Misses the Net.
3:43 of 2nd period - Shot by Connor Carrick.
3:43 of 2nd period - Stopped by Felix Sandström without a rebound.
3:44 of 2nd period - Reid Duke wins face-off versus Gregory Hofmann in Wolves zone.
3:45 of 2nd period - Shot by Ross Johnston.
3:45 of 2nd period - Shot Misses the Net.
4:14 of 2nd period - Off-side.
4:15 of 2nd period - Mark Jankowski wins face-off versus Tanner Fritz in neutral zone.
4:15 of 2nd period - Mark Jankowski is hit by Andrew Agozzino.
4:45 of 2nd period - Shot by Matt Lorito.
4:45 of 2nd period - Stopped by Felix Sandström without a rebound.
4:46 of 2nd period - Cameron Hughes wins face-off versus Gregory Hofmann in Wolves zone.
5:17 of 2nd period - Gregory Hofmann is hit by Andrew Peeke and loses puck.
5:54 of 2nd period - Matt Tennyson is hit by Ross Johnston and loses puck.
6:03 of 2nd period - Shot by Scott Kosmachuk.
6:03 of 2nd period - Stopped by Alex Starlock without a rebound.
6:04 of 2nd period - Tanner Fritz wins face-off versus David Cotton in Americans zone.
6:12 of 2nd period - Shot by Matt Lorito.
6:12 of 2nd period - Stopped by Felix Sandström without a rebound.
6:13 of 2nd period - Tanner Fritz wins face-off versus Mark Jankowski in Wolves zone.
7:00 of 2nd period - Mark Jankowski is hit by Tanner Fritz and loses puck.
7:20 of 2nd period - Minor Penalty to Matt Tennyson for Tripping.
7:21 of 2nd period - Reid Duke wins face-off versus Brett Seney in Wolves zone.
7:24 of 2nd period - Shot by Turner Elson.
7:24 of 2nd period - Stopped by Felix Sandström without a rebound.
7:25 of 2nd period - Brett Seney wins face-off versus Reid Duke in Wolves zone.
7:25 of 2nd period - Brett Seney is hit by Ross Johnston.
7:53 of 2nd period - Shot by Ross Johnston.
7:53 of 2nd period - Stopped by Felix Sandström without a rebound.
7:54 of 2nd period - Brett Seney wins face-off versus Matt Lorito in Wolves zone.
8:01 of 2nd period - Brett Seney is hit by Andrew Agozzino and loses puck.
8:10 of 2nd period - Shot by Robbie Russo.
8:10 of 2nd period - Goal by Robbie Russo - Americans : 5 - Wolves : 2.
8:11 of 2nd period - David Cotton wins face-off versus Riley Tufte in neutral zone.
8:11 of 2nd period - David Cotton is hit by Riley Tufte.
8:22 of 2nd period - Shot by David Cotton.
8:22 of 2nd period - Stopped by Alex Starlock without a rebound.
8:23 of 2nd period - Reid Duke wins face-off versus Marc-Olivier Roy in Americans zone.
8:25 of 2nd period - Ross Johnston is hit by Adam Helewka and loses puck.
9:12 of 2nd period - Marc-Olivier Roy is hit by Tanner Fritz and loses puck.
9:26 of 2nd period - Icing by Andrew Peeke.
9:27 of 2nd period - Gregory Hofmann wins face-off versus Tanner Fritz in Americans zone.
10:06 of 2nd period - Shot by Garrett Mitchell.
10:06 of 2nd period - Stopped by Alex Starlock without a rebound.
10:07 of 2nd period - Mark Jankowski wins face-off versus Cameron Hughes in Americans zone.
10:07 of 2nd period - Jamie Devane is hit by Cole Hults and loses puck.
10:25 of 2nd period - Minor Penalty to Tommy Cross for Holding Stick.
10:26 of 2nd period - Reid Duke wins face-off versus Brett Seney in Wolves zone.
12:01 of 2nd period - Radim Simek is hit by Ross Johnston and loses puck.
12:10 of 2nd period - Shot by Ethan Prow.
12:10 of 2nd period - Stopped by Felix Sandström with a rebound.
12:12 of 2nd period - Shot by Reid Duke.
12:12 of 2nd period - Shot Blocked by Radim Simek.
12:14 of 2nd period - Shot by Reid Duke.
12:14 of 2nd period - Stopped by Felix Sandström with a rebound.
12:52 of 2nd period - Shot by Sam Anas.
12:52 of 2nd period - Stopped by Felix Sandström with a rebound.
13:11 of 2nd period - Icing by Louie Belpedio.
13:12 of 2nd period - Kyle Rau wins face-off versus David Cotton in Wolves zone.
13:35 of 2nd period - Shot by Tanner Fritz .
13:35 of 2nd period - Deflect By Patrick Brown.
13:35 of 2nd period - Shot Blocked by Radim Simek.
13:37 of 2nd period - Shot by Tanner Fritz .
13:37 of 2nd period - Stopped by Felix Sandström without a rebound.
13:38 of 2nd period - Mark Jankowski wins face-off versus Reid Duke in Wolves zone.
13:45 of 2nd period - Shot by Scott Kosmachuk.
13:45 of 2nd period - Stopped by Alex Starlock with a rebound.
14:01 of 2nd period - Icing by Reid Duke.
14:02 of 2nd period - Reid Duke wins face-off versus Gregory Hofmann in Americans zone.
14:09 of 2nd period - Shot by Turner Elson.
14:09 of 2nd period - Stopped by Felix Sandström without a rebound.
14:10 of 2nd period - Gregory Hofmann wins face-off versus Cameron Hughes in Wolves zone.
14:10 of 2nd period - Brett Seney is hit by Riley Tufte and loses puck.
14:15 of 2nd period - Shot by Sam Anas.
14:15 of 2nd period - Shot Misses the Net.
14:17 of 2nd period - Shot by Sam Anas.
14:17 of 2nd period - Stopped by Felix Sandström with a rebound.
14:28 of 2nd period - Icing by Tommy Cross.
14:29 of 2nd period - Gregory Hofmann wins face-off versus Tanner Fritz in Wolves zone.
14:29 of 2nd period - Gregory Hofmann is hit by Andrew Agozzino.
14:39 of 2nd period - Shot by Brett Seney.
14:39 of 2nd period - Shot Misses the Net.
15:05 of 2nd period - Shot by Andrew Agozzino.
15:05 of 2nd period - Stopped by Felix Sandström without a rebound.
15:06 of 2nd period - Mark Jankowski wins face-off versus Reid Duke in Wolves zone.
15:25 of 2nd period - Shot by Ethan Prow.
15:25 of 2nd period - Stopped by Felix Sandström without a rebound.
15:26 of 2nd period - Cameron Hughes wins face-off versus David Cotton in Wolves zone.
15:30 of 2nd period - Double Minor Penalty to Riley Tufte for Slashing.
15:31 of 2nd period - Mark Jankowski wins face-off versus Tanner Fritz in Americans zone.
16:30 of 2nd period - Shot by Ryan Stanton.
16:30 of 2nd period - Shot Misses the Net.
16:32 of 2nd period - Shot by Ryan Stanton.
16:32 of 2nd period - Shot Blocked by Ethan Prow.
16:34 of 2nd period - Shot by Gregory Hofmann.
16:34 of 2nd period - Shot Misses the Net.
16:36 of 2nd period - Shot by Ryan Stanton.
16:36 of 2nd period - Shot Blocked by Connor Carrick.
16:38 of 2nd period - Shot by Brett Seney.
16:38 of 2nd period - Shot Blocked by Tanner Fritz .
16:44 of 2nd period - Shot by Gregory Hofmann.
16:44 of 2nd period - Deflect By Garrett Mitchell.
16:44 of 2nd period - Stopped by Alex Starlock without a rebound.
16:45 of 2nd period - Ross Johnston wins face-off versus Mark Jankowski in Americans zone.
17:50 of 2nd period - Shot by Brett Seney.
17:50 of 2nd period - Shot Blocked by Andrew Peeke.
18:23 of 2nd period - Tanner Fritz is hit by David Cotton and loses puck.
19:12 of 2nd period - Icing by Radim Simek.
19:13 of 2nd period - Patrick Brown wins face-off versus Gregory Hofmann in Wolves zone.
19:42 of 2nd period - Shot by Adam Helewka.
19:42 of 2nd period - Shot Misses the Net.
19:46 of 2nd period - Shot by Adam Helewka.
19:46 of 2nd period - Shot Misses the Net.
19:48 of 2nd period - Shot by Marc-Olivier Roy.
19:48 of 2nd period - Stopped by Alex Starlock without a rebound.
19:49 of 2nd period - David Cotton wins face-off versus Cameron Hughes in Americans zone.
19:50 of 2nd period - Shot by Artur Gavrus.
19:50 of 2nd period - Shot Misses the Net.
Goals for this period are 2 for Americans vs 0 for Wolves.
Shots for this period are 20 for Americans vs 6 for Wolves.

3rd period


0:01 of 3rd period - Tanner Fritz wins face-off versus Brett Seney in neutral zone.
0:32 of 3rd period - Brett Seney is hit by Andrew Agozzino and loses puck.
1:05 of 3rd period - Shot by Mark Jankowski.
1:05 of 3rd period - Stopped by Alex Starlock without a rebound.
1:06 of 3rd period - Reid Duke wins face-off versus David Cotton in Americans zone.
1:10 of 3rd period - Turner Elson is hit by Louie Belpedio and loses puck.
1:19 of 3rd period - Shot by Ross Johnston.
1:19 of 3rd period - Shot Misses the Net.
1:22 of 3rd period - Reid Duke is hit by Louie Belpedio and loses puck.
1:41 of 3rd period - Ross Johnston is hit by Louie Belpedio and loses puck.
2:01 of 3rd period - Shot by John Gilmour.
2:01 of 3rd period - Shot Hit the Post.
2:11 of 3rd period - Shot by Sam Anas.
2:11 of 3rd period - Stopped by Felix Sandström without a rebound.
2:12 of 3rd period - Gregory Hofmann wins face-off versus Kyle Rau in Wolves zone.
2:25 of 3rd period - Shot by Matt Tennyson.
2:25 of 3rd period - Stopped by Alex Starlock without a rebound.
2:26 of 3rd period - Mark Jankowski wins face-off versus Cameron Hughes in Americans zone.
2:29 of 3rd period - Shot by Jamie Devane.
2:29 of 3rd period - Deflect By Mark Jankowski.
2:29 of 3rd period - Shot Misses the Net.
2:31 of 3rd period - Shot by Ryan Stanton.
2:31 of 3rd period - Stopped by Alex Starlock without a rebound.
2:32 of 3rd period - Cameron Hughes wins face-off versus Garrett Mitchell in Americans zone.
2:34 of 3rd period - Icing by Andrew Peeke.
2:35 of 3rd period - Brett Seney wins face-off versus Cameron Hughes in Americans zone.
2:38 of 3rd period - Shot by Gregory Hofmann.
2:38 of 3rd period - Shot Misses the Net.
2:40 of 3rd period - Shot by Gregory Hofmann.
2:40 of 3rd period - Stopped by Alex Starlock without a rebound.
2:41 of 3rd period - Garrett Mitchell wins face-off versus Reid Duke in Americans zone.
3:51 of 3rd period - Shot by Jamie Devane.
3:51 of 3rd period - Shot Blocked by Andrew Peeke.
3:53 of 3rd period - Shot by Radim Simek.
3:53 of 3rd period - Deflect By Mark Jankowski.
3:53 of 3rd period - Stopped by Alex Starlock with a rebound.
3:55 of 3rd period - Shot by Ryan Stanton.
3:55 of 3rd period - Shot Misses the Net.
4:15 of 3rd period - Off-side.
4:16 of 3rd period - Cameron Hughes wins face-off versus David Cotton in neutral zone.
4:27 of 3rd period - Shot by Artur Gavrus.
4:27 of 3rd period - Shot Blocked by Cole Hults.
4:29 of 3rd period - Shot by Jens Looke.
4:29 of 3rd period - Deflect By Artur Gavrus.
4:29 of 3rd period - Stopped by Alex Starlock without a rebound.
4:30 of 3rd period - Gregory Hofmann wins face-off versus Cameron Hughes in Americans zone.
4:33 of 3rd period - Shot by Garrett Mitchell.
4:33 of 3rd period - Shot Blocked by John Gilmour.
5:48 of 3rd period - Shot by Artur Gavrus.
5:48 of 3rd period - Deflect By David Cotton.
5:48 of 3rd period - Stopped by Alex Starlock without a rebound.
5:49 of 3rd period - Tanner Fritz wins face-off versus Mark Jankowski in Americans zone.
6:28 of 3rd period - Shot by Andrew Agozzino.
6:28 of 3rd period - Stopped by Felix Sandström without a rebound.
6:29 of 3rd period - Cameron Hughes wins face-off versus Marc-Olivier Roy in Wolves zone.
7:06 of 3rd period - Shot by Adam Helewka.
7:06 of 3rd period - Shot Blocked by Cole Hults.
7:36 of 3rd period - Shot by Brett Seney.
7:36 of 3rd period - Deflect By Gregory Hofmann.
7:36 of 3rd period - Stopped by Alex Starlock without a rebound.
7:37 of 3rd period - Mark Jankowski wins face-off versus Tanner Fritz in Americans zone.
7:38 of 3rd period - Shot by Scott Kosmachuk.
7:38 of 3rd period - Shot Blocked by Connor Carrick.
8:35 of 3rd period - Shot by Matt Tennyson.
8:35 of 3rd period - Stopped by Alex Starlock without a rebound.
8:36 of 3rd period - Turner Elson wins face-off versus David Cotton in Americans zone.
8:42 of 3rd period - Minor Penalty to Tommy Cross for Tripping.
8:43 of 3rd period - Reid Duke wins face-off versus Brett Seney in Wolves zone.
8:44 of 3rd period - Shot by Turner Elson.
8:44 of 3rd period - Stopped by Felix Sandström without a rebound.
8:45 of 3rd period - Brett Seney wins face-off versus Reid Duke in Wolves zone.
9:11 of 3rd period - Shot by Ross Johnston.
9:11 of 3rd period - Shot Misses the Net.
9:13 of 3rd period - Shot by Andrew Peeke.
9:13 of 3rd period - Stopped by Felix Sandström without a rebound.
9:14 of 3rd period - Brett Seney wins face-off versus Tanner Fritz in Wolves zone.
9:33 of 3rd period - Shot by Matt Lorito.
9:33 of 3rd period - Shot Blocked by Matt Tennyson.
10:55 of 3rd period - Shot by Cameron Hughes.
10:55 of 3rd period - Stopped by Felix Sandström with a rebound.
11:48 of 3rd period - Shot by Kyle Rau.
11:48 of 3rd period - Stopped by Felix Sandström without a rebound.
11:49 of 3rd period - Mark Jankowski wins face-off versus Tanner Fritz in Wolves zone.
11:55 of 3rd period - Off-side.
11:56 of 3rd period - Reid Duke wins face-off versus Gregory Hofmann in neutral zone.
12:50 of 3rd period - Icing by Reid Duke.
12:51 of 3rd period - Reid Duke wins face-off versus Mark Jankowski in Americans zone.
12:53 of 3rd period - Icing by Ross Johnston.
12:54 of 3rd period - Mark Jankowski wins face-off versus Reid Duke in Americans zone.
12:54 of 3rd period - Mark Jankowski is hit by Andrew Peeke.
12:56 of 3rd period - Shot by Scott Kosmachuk.
12:56 of 3rd period - Shot Blocked by Robbie Russo.
13:52 of 3rd period - Shot by Tanner Fritz .
13:52 of 3rd period - Stopped by Felix Sandström without a rebound.
13:53 of 3rd period - Gregory Hofmann wins face-off versus Cameron Hughes in Wolves zone.
14:00 of 3rd period - Shot by Garrett Mitchell.
14:00 of 3rd period - Shot Misses the Net.
14:03 of 3rd period - Icing by Cameron Hughes.
14:04 of 3rd period - Cameron Hughes wins face-off versus David Cotton in Americans zone.
14:11 of 3rd period - Off-side.
14:12 of 3rd period - Tanner Fritz wins face-off versus Gregory Hofmann in neutral zone.
14:12 of 3rd period - Tanner Fritz is hit by Garrett Mitchell.
14:26 of 3rd period - Off-side.
14:27 of 3rd period - David Cotton wins face-off versus Cameron Hughes in neutral zone.
14:34 of 3rd period - Shot by Artur Gavrus.
14:34 of 3rd period - Stopped by Alex Starlock with a rebound.
14:36 of 3rd period - Shot by David Cotton.
14:36 of 3rd period - Stopped by Alex Starlock with a rebound.
15:01 of 3rd period - Shot by Artur Gavrus.
15:01 of 3rd period - Stopped by Alex Starlock with a rebound.
15:14 of 3rd period - Andrew Peeke is hit by Brett Seney.
15:31 of 3rd period - Matt Lorito is hit by Mitchell Vande Sompel and loses puck.
15:36 of 3rd period - Shot by Tanner Fritz .
15:36 of 3rd period - Shot Misses the Net.
15:38 of 3rd period - Shot by Andrew Agozzino.
15:38 of 3rd period - Stopped by Felix Sandström without a rebound.
15:39 of 3rd period - Ross Johnston wins face-off versus Mark Jankowski in Wolves zone.
15:39 of 3rd period - Ross Johnston is hit by Radim Simek.
15:55 of 3rd period - Scott Kosmachuk is hit by John Gilmour and loses puck.
16:01 of 3rd period - Mark Jankowski is hit by John Gilmour and loses puck.
16:05 of 3rd period - Jamie Devane is hit by John Gilmour and loses puck.
16:10 of 3rd period - Shot by Scott Kosmachuk.
16:10 of 3rd period - Shot Misses the Net.
17:36 of 3rd period - Shot by Robbie Russo.
17:36 of 3rd period - Shot Misses the Net.
17:38 of 3rd period - Shot by Cameron Hughes.
17:38 of 3rd period - Shot Misses the Net.
17:40 of 3rd period - Shot by Sam Anas.
17:40 of 3rd period - Shot Misses the Net.
18:02 of 3rd period - Shot by Sam Anas.
18:02 of 3rd period - Stopped by Felix Sandström without a rebound.
18:03 of 3rd period - Mark Jankowski wins face-off versus Kyle Rau in Wolves zone.
18:09 of 3rd period - Shot by Tanner Fritz .
18:09 of 3rd period - Stopped by Felix Sandström with a rebound.
18:11 of 3rd period - Shot by Tanner Fritz .
18:11 of 3rd period - Shot Misses the Net.
18:13 of 3rd period - Shot by Kyle Rau.
18:13 of 3rd period - Shot Misses the Net.
18:25 of 3rd period - Shot by Tanner Fritz .
18:25 of 3rd period - Stopped by Felix Sandström with a rebound.
19:01 of 3rd period - Icing by Reid Duke.
19:02 of 3rd period - David Cotton wins face-off versus Reid Duke in Americans zone.
19:03 of 3rd period - Shot by Jens Looke.
19:03 of 3rd period - Deflect By Artur Gavrus.
19:03 of 3rd period - Stopped by Alex Starlock without a rebound.
19:04 of 3rd period - David Cotton wins face-off versus Reid Duke in Americans zone.
19:05 of 3rd period - Shot by Artur Gavrus.
19:05 of 3rd period - Shot Misses the Net.
19:07 of 3rd period - Shot by Louie Belpedio.
19:07 of 3rd period - Shot Misses the Net.
19:11 of 3rd period - Shot by Jens Looke.
19:11 of 3rd period - Goal by Jens Looke - Americans : 5 - Wolves : 3.
19:12 of 3rd period - David Cotton wins face-off versus Reid Duke in neutral zone.
19:12 of 3rd period - David Cotton is hit by Ross Johnston.
Goals for this period are 0 for Americans vs 1 for Wolves.
Shots for this period are 11 for Americans vs 14 for Wolves.